 Dungeon Crawl Stone Soup version 0.25.1-2-g60ff931df9 (webtiles) character file.

Game seed: 15211349418078649212

56 DildoBatman the Conjurer (level 4, 0/30 HPs)
             Began as a Formicid Wizard on Sept 3, 2020.
             Slain by a kobold (4 damage)
             ... on level 2 of the Dungeon.
             The game lasted 00:03:56 (1550 turns).

DildoBatman the Conjurer (Formicid Wizard)          Turns: 1550, Time: 00:03:56

Health: 0/30       AC:  3    Str: 12    XL:     4   Next: 15%
Magic:  4/8        EV: 12    Int: 18    God:
Gold:   56         SH:  0    Dex:  9    Spells: 8/9 levels left

rFire    . . .     SeeInvis +   a - +0 hunting sling
rCold    . . .     Gourm    .   (no shield)
rNeg     . . .     Faith    .   d - +0 robe
rPois    .         Spirit   .   (helmet unavailable)
rElec    .         Reflect  .   (no cloak)
rCorr    .         Harm     .   i - +0 pair of gloves
MR       .....                  (no boots)
Stlth    ++........             (no amulet)
HPRegen  0.10/turn              (no ring)
MPRegen  0.11/turn              (no ring)

@: no status effects
A: permanent stasis, dig shafts and tunnels, four strong arms, antennae 3
a: Dig, Shaft Self


You were on level 2 of the Dungeon.
You were not hungry.

You visited 1 branch of the dungeon, and saw 2 of its levels.

You collected 56 gold pieces.

Inventory:

Hand Weapons
 a - a +0 hunting sling (weapon)
 b - a +0 dagger of venom
 l - a +0 whip of pain
Missiles
 g - 37 sling bullets
 h - 7 poisoned darts
 j - 18 stones (quivered)
Armour
 d - a +0 robe (worn)
 i - a +0 pair of gloves (worn)
Scrolls
 e - a scroll of blinking {unknown}
Potions
 c - a potion of curing {unknown}
Comestibles
 f - 3 chunks of flesh
 v - 3 rations


   Skills:
 - Level 1.7 Dodging
 - Level 2.4 Stealth
 - Level 3.2 Spellcasting
 * Level 3.3 Conjurations
   Level 1.0 Summonings
   Level 0.8 Translocations


You had 8 spell levels left.
You knew the following spells:

 Your Spells              Type           Power        Failure   Level  Hunger
c - Magic Dart            Conj           ##..         4%          1    None

Your spell library contained the following spells:

 Spells                   Type           Power        Failure   Level  Hunger
 Call Imp                 Summ           #.......     16%         2    ##.....
 Slow                     Hex            #.......     24%         2    ##.....
 Conjure Flame            Conj/Fire      #.......     24%         3    ###....
 Mephitic Cloud           Conj/Pois/Air  #.......     30%         3    ###....
 Blink                    Tloc           Unusable     N/A         2    N/A

Dungeon Overview and Level Annotations

Branches:
Dungeon (2/15)

Altars:
Cheibriados
Sif Muna


Innate Abilities, Weirdness & Mutations

You cannot be hasted, slowed, berserked, paralysed or teleported.
You can dig through walls and to a lower floor.
Your four strong arms can wield two-handed weapons with a shield.
You have a pair of large antennae on your head. (SInv)


Message History

What are your orders? t - Shout!
Orders for allies: a - Attack new target. r - Retreat! s - Stop attacking. g - Guard the area. f - Follow me.
Anything else - Cancel.
You shout for attention!
The adder closely misses you. The worm bites you! The kobold barely misses you.
What are your orders? t - Shout!
Orders for allies: a - Attack new target. r - Retreat! s - Stop attacking. g - Guard the area. f - Follow me.
Anything else - Cancel.
You shout for attention!
The adder bites you. The kobold hits you.
You die...

#.......#.....
..........#.......#.....
.......(..#)..).†.#.....
.[.....(..#.............
.......(..#.............
..(....(..#.............
.......(..#.........#...
#...S(..#########.#...
#..ZK@..# #.#...
##...w...# #######.....
.........####.....##....
..................##....
..................###...
..####.........######...
. #..................
#.................#
.....(........÷.....


You could see a worm, an adder, a water moccasin zombie and a kobold.

Vanquished Creatures
  An adder (D:2)
  2 worms (D:2)
  A leopard gecko (D:1)
  8 bats
  3 giant cockroaches (D:1)
  5 goblins
  3 hobgoblins
  4 jackals (D:1)
  A quokka (D:2)
  4 kobolds
  7 rats
39 creatures vanquished.

Notes
Turn   | Place    | Note
-------+----------+-------------------------------------------
     0 | D:1      | DildoBatman the Formicid Wizard began the quest for the
                  | Orb.
     0 | D:1      | Reached XP level 1. HP: 13/13 MP: 4/4
    23 | D:1      | Reached skill level 1 in Conjurations
   207 | D:1      | Found a snail-covered altar of Cheibriados.
   212 | D:1      | Reached XP level 2. HP: 19/19 MP: 1/6
   802 | D:1      | Reached XP level 3. HP: 24/24 MP: 4/7
  1303 | D:2      | Found a shimmering blue altar of Sif Muna.
  1530 | D:2      | Reached XP level 4. HP: 30/30 MP: 2/8
  1550 | D:2      | Slain by a kobold

Illustrated notes

Levels and vault maps discovered:
D:1:      tarquinn_simple_flora_water_d, layout_loops_ring, cheibriados_altar_1
D:2:      minmay_razor_zed, layout_basic, lemuel_blue_sif_altar

Skill      XL: |  1  2  3 |
---------------+----------+-----
Conjurations   | 1 2 3 |  3.3
Dodging        | |  1.7
Stealth        | |  2.4
Spellcasting   | |  3.2
Summonings     | |  1.0
Translocations | |  0.8

Action                   |  1- 3 |  4- 6 || total
-------------------------+-------+-------++-------
Melee: Whip              |     8 |       ||     8
       Short sword       |    10 |       ||    10
       Dagger            |     3 |       ||     3
 Fire: Hunting sling     |    27 |       ||    27
 Cast: Magic Dart        |    71 |     1 ||    72
 Abil: Dig               |     2 |       ||     2
  Eat: Chunk             |     2 |       ||     2
Armor: Robe              |     8 |     2 ||    10
Dodge: Dodged            |    25 |    19 ||    44
